 Dungeon Crawl Stone Soup version 0.30-a0-782-ge64f9170bb (webtiles) character file.

Game seed: 4036481980691797089

41697 mopl the Tainter (level 13, -15/98 (102) HPs)
             Began as a Grey Draconian Venom Mage on Mar 6, 2023.
             Was a High Priest of Vehumet.
             Demolished by a sun demon (18 damage)
             ... summoned by an orc high priest
             ... on level 2 of the Orcish Mines.
             The game lasted 00:43:12 (16623 turns).

mopl the Tainter (Grey Draconian Venom Mage)       Turns: 16623, Time: 00:43:13

HP:   -15/98 (102)  AC: 22    Str: 12      XL:     13   Next: 81%
MP:   0/27          EV: 12    Int: 18 (20) God:    Vehumet [*****.]
Gold: 1002          SH:  0    Dex: 11      Spells: 4/32 levels left

rFire   . . .      SeeInvis .    b - staff of earth
rCold   . . .      Faith    .    O - +1 kite shield {AC+3}
rNeg    . . .      Spirit   +    (body armour unavailable)
rPois   .          Reflect  .    (helmet restricted)
rElec   .          Harm     .    z - scarf {repulsion}
rCorr   .          Rampage  .    B - +0 pair of gloves
Will    .....                    I - +0 pair of boots
Stlth   +                        g - amulet of guardian spirit
HPRegen 0.36/turn                G - +4 ring of protection
MPRegen 0.20/turn                (no ring)

@: confused, ambrosia-drunk, spiked, lightly drained, repel missiles
A: AC +13, amphibious, unfitting armour, cold-blooded
a: Renounce Religion


You were on level 2 of the Orcish Mines.
You worshipped Vehumet.
Vehumet was extremely pleased with you.
You visited 3 branches of the dungeon, and saw 15 of its levels.
You also visited: Sewer and Ice Cave.

You collected 1275 gold pieces.
You spent 273 gold pieces at shops.

Inventory:

Hand Weapons
 a - the +2 Maxwell's thermic engine {flame, freeze}
   (You found it in an ice cave)

   It becomes more effective when it hits something.
   This effect fades over time.
 e - a +1 spear of flaming
 m - a +1 dagger of pain
 n - a +2 whip of electrocution
 w - a +0 quarterstaff
 L - a +1 glaive of flaming
 M - a +1 flail of venom
Missiles
 l - 35 poisoned darts
 y - 21 boomerangs
 C - 2 throwing nets
 P - a curare-tipped dart
 R - 11 javelins
Armour
 z - a scarf of repulsion (worn)
 A - a +2 cloak
 B - a +0 pair of gloves (worn)
 I - a +0 pair of boots (worn)
 O - a +1 kite shield of protection (worn)
Magical Staves
 b - a staff of earth (weapon)
Jewellery
 g - an amulet of guardian spirit (around neck)
 k - a ring of ice
 G - a +4 ring of protection (left hand)
 K - a ring of fire
Wands
 E - a wand of polymorph (10)
 Q - a wand of mindburst (24)
 S - a wand of iceblast (4)
 V - a wand of paralysis (2)
Scrolls
 c - 3 scrolls of magic mapping
 o - a scroll of amnesia {unknown}
 s - 3 scrolls of enchant weapon {unknown}
 t - 4 scrolls of enchant armour {unknown}
 v - a scroll of acquirement {unknown}
 F - a scroll of vulnerability {unknown}
 N - a scroll of blinking
 T - 2 scrolls of immolation
 U - a scroll of summoning {unknown}
 X - 4 scrolls of teleportation
Potions
 d - 4 potions of haste
 f - 4 potions of might
 h - 3 potions of lignification {!q}
 i - a potion of invisibility
 j - a potion of heal wounds
 p - 5 potions of brilliance
 r - 3 potions of mutation {!q}
 u - 2 potions of berserk rage {!q}
 x - 2 potions of resistance
 D - 2 potions of cancellation
 H - 5 potions of curing
 J - 2 potions of flight
 Y - a potion of magic
Miscellaneous
 W - a phial of floods (inert)


   Skills:
 + Level 6.0 Fighting
 - Level 0.1 Long Blades
 + Level 6.0 Staves
 - Level 3.0 Throwing
 + Level 5.3 Dodging
 - Level 1.7 Stealth
 + Level 8.3 Shields
 + Level 10.3 Spellcasting
 + Level 5.2 Conjurations
 - Level 3.0 Hexes
 - Level 5.0 Transmutations
 + Level 9.3 Earth Magic
 + Level 12.9 Poison Magic
 + Level 3.6 Evocations


You had 4 spell levels left.
You knew the following spells:

 Your Spells              Type           Power      Damage    Failure   Level
a - Sting                 Tmut/Pois      100%       1d8       1%          1
b - Petrify               Tmut/Erth      51%        N/A       10%         4
c - Stone Arrow           Conj/Erth      100%       3d13      1%          3
d - Iron Shot             Conj/Erth      26%        9d6       34%         6
k - Lee's Rapid Deconstr  Erth           29%        3d15*     3%          5
o - Olgreb's Toxic Radia  Pois           54%        N/A       1%          4
y - Yara's Violent Unrav  Hex/Tmut       11%        3d6       26%         5

Your spell library contained the following spells:

 Spells                   Type           Power      Damage    Failure   Level
 Shock                    Conj/Air       72%        1d7       1%          1
 Poisonous Vapours        Pois/Air       64%        N/A       1%          2
 Mephitic Cloud           Conj/Pois/Air  31%        N/A       1%          3
 Dazzling Flash           Conj/Hex       48%        N/A       3%          3
 Hailstorm                Conj/Ice       18%        3d6       5%          3
 Fulminant Prism          Conj/Hex       12%        3d9       10%         4
 Kindle Blastsparks       Fire/Tloc/Air  18%        2d11      16%         3
 Iskenderun's Mystic Bla  Conj/Tloc      18%        2d6       17%         4
 Apportation              Tloc           18%        N/A       19%         1
 Necrotise                Necr           36%        1d5       19%         1
 Summon Small Mammal      Summ           36%        N/A       19%         1
 Airstrike                Air            4%         2d(1-17)  41%         4
 Swiftness                Air            9%         N/A       50%         3
 Ice Form                 Ice/Tmut       18%        N/A       56%         4
 Statue Form              Tmut/Erth      34%        N/A       83%         6
 Metabolic Englaciation   Hex/Ice        7%         N/A       96%         5
 Silence                  Hex/Air        7%         N/A       96%         5
 Agony                    Necr           9%         N/A       99%         5
 Simulacrum               Ice/Necr       4%         N/A       100%        6


Dungeon Overview and Level Annotations

Branches:
Dungeon (12/15)            Temple (1/1) D:5            Lair (0/5) D:8
    Orc (2/2) D:12            Elf (0/3) Orc:2         Sewer (visited)
  IceCv (visited)

Altars:
Ashenzari
Cheibriados
Dithmenos
Elyvilon
Fedhas
Gozag
Hepliaklqana
Kikubaaqudgha
Makhleb
Nemelex Xobeh
Okawaru
Qazlal
Ru
Sif Muna
Trog
Uskayaw
Vehumet
Wu Jian
Xom
Yredelemnul
Zin
The Shining One

Shops:
D:9 (?   Orc:1 :   Orc:2 =

Annotations:
Orc:1 3 runed translucent doors, nidavellir's ghost, journeyman HuFi


Innate Abilities, Weirdness & Mutations

Your dull iron-grey scales are very hard. (AC +13)
You are amphibious.
You cannot fit into any form of body armour.
You are cold-blooded and may be slowed by cold attacks.


Message History

The orc high priest mumbles some strange prayers to Beogh against you.
Beogh smites you!
The red devil hits you from afar with a +1 demon trident of draining!!
* * * LOW HITPOINT WARNING * * *
Barbed spikes become lodged in your body.
You feel drained.
* * * LOW HITPOINT WARNING * * *
The sun demon hits you but does no damage.
Your Fighting skill increases to level 6!
Okay, then.
Unknown command.
You feel much better.
The red devil hits you from afar with a +1 demon trident of draining!
* * * LOW HITPOINT WARNING * * *
Barbed spikes become lodged in your body.
You feel drained.
* * * LOW HITPOINT WARNING * * *
You block the sun demon's attack.
Unknown command.
Aiming: Paralyse
Press: ? - help, Shift-Dir - straight line, f - sun demon
Aim: a sun demon (summoned, chance to affect: 12%)
Okay, then.
Unknown command.
Unknown command.
Okay, then.
Unknown command.
Unknown command.
You are confused.
You feel invigorated.
You kill the cyclops!
Vehumet accepts your kill.
You feel your power returning.
The orc high priest mumbles some strange prayers to Beogh against you.
Beogh smites you!
* * * LOW HITPOINT WARNING * * *
The sun demon hits you!
* * * LOW HITPOINT WARNING * * *
You are engulfed in flames!!
You die...

# ## #++# ########.
#..# #........
#..#######........
#...'...#.........
#@).'#..........#.
##3#######........#
#4oC# ###........)
#3(.# ##.........#.
#)..###....#.......
##)###.....#..#....
... #.....##...#∩.
.).).#....##.#..#∩.
C...).##...#..#..#..


You could see an orc high priest (very poisoned), a sun demon (summoned), a
cyclops (extremely poisoned), a neqoxec (summoned) and a red devil (summoned).

Vanquished Creatures
  A frost giant (IceCv)
  2 orc warlords
  A death knight (D:12)
  A boulder beetle (D:11)
  A two-headed ogre (D:12)
  5 death yaks (IceCv)
  Nergalle (D:11)
  2 deep trolls (D:9)
  Pikel (D:7)
  A deep elf pyromancer (D:12)
  7 orc knights (Orc:2)
  7 orc sorcerers
  2 cyclopes
  A manticore (D:12)
  3 ugly things
  An ice statue (IceCv)
  Maggie (D:7)
  2 gargoyles
  Psyche (D:10)
  A freezing wraith (D:12)
  2 rime drakes
  2 komodo dragons (D:12)
  8 trolls
  Prince Ribbit (D:7)
  9 saltlings (Orc:2)
  6 polar bears (IceCv)
  Grinder (D:3)
  2 hornets
  2 basilisks (D:12)
  42 yaks
  2 wraiths (D:12)
  A vampire (D:12)
  A wyvern (D:8)
  A steam dragon (D:8)
  3 vampire mosquitoes (D:11)
  An acid dragon (D:7)
  2 wargs (Orc:1)
  A water moccasin (D:7)
  24 orc warriors
  A black bear (D:6)
  4 ice beasts (D:8)
  3 sky beasts
  8 ogres
  16 wolves
  5 centaurs
  A phantom (D:6)
  2 kobold brigands
  4 bullfrogs
  2 scorpions (D:6)
  4 wights (D:9)
  4 electric eels (D:10)
  3 howler monkeys
  A hound (D:6)
  5 jellies
  3 gnoll boudas
  25 orc priests
  5 iguanas
  18 orc wizards
  Robin (D:2)
  20 gnolls
  12 adders
  12 white imps
  2 ufetubi
  2 worms
  4 dart slugs
  84 orcs
  11 endoplasms
  5 giant cockroaches
  11 goblins
  7 hobgoblins
  3 jackals (D:1)
  3 quokkas
  2 training dummies (D:6)
  8 ball pythons
  5 bats
  6 frilled lizards
  12 kobolds
  6 rats
  16 pillars of salt (Orc:2)
499 creatures vanquished.

Vanquished Creatures (others)
  2 pillars of salt (Orc:2)
  A plant (D:9)
3 creatures vanquished.

Grand Total: 502 creatures vanquished

Notes
Turn   | Place    | Note
-------+----------+-------------------------------------------
     0 | D:1      | mopl the Draconian Venom Mage began the quest for the Orb.
     0 | D:1      | Reached XP level 1. HP: 14/14 MP: 3/3
   155 | D:1      | Reached XP level 2. HP: 8/20 MP: 1/5
   712 | D:2      | Reached XP level 3. HP: 17/26 MP: 2/7
   855 | D:2      | Noticed Robin
   881 | D:2      | Reached skill level 3 in Spellcasting
  1039 | D:2      | Killed Robin
  1040 | D:2      | Reached skill level 4 in Poison Magic
  1040 | D:2      | Reached XP level 4. HP: 25/33 MP: 2/8
  1549 | D:3      | Found a glowing drain.
  1563 | Sewer    | Entered a sewer
  1885 | Sewer    | Reached XP level 5. HP: 38/38 MP: 4/10
  2009 | Sewer    | Found a viscous altar of Jiyva.
  2018 | Sewer    | Reached skill level 4 in Spellcasting
  2228 | D:3      | Reached skill level 5 in Poison Magic
  2382 | D:3      | Learned a level 4 spell: Olgreb's Toxic Radiance
  2526 | D:3      | Noticed Grinder
  2528 | D:3      | Paralysed by Grinder for 2 turns
  2533 | D:3      | Paralysed by Grinder for 2 turns
  2538 | D:3      | Paralysed by Grinder for 4 turns
  2556 | D:3      | Paralysed by Grinder for 4 turns
  2561 | D:3      | Killed Grinder
  2562 | D:3      | Reached XP level 6. HP: 8/45 MP: 1/13
  3087 | D:3      | Reached skill level 5 in Spellcasting
  3147 | D:4      | Found a hide-covered altar of Uskayaw.
  3149 | D:4      | Found a bloodstained altar of Trog.
  3244 | D:4      | Reached skill level 6 in Poison Magic
  3244 | D:4      | Your scales start taking on a dull iron-grey colour.
  3244 | D:4      | Reached XP level 7. HP: 48/50 MP: 7/14
  4049 | D:5      | Entered Level 5 of the Dungeon
  4154 | D:5      | Found a shimmering altar of Xom.
  4155 | D:5      | Found a hazy altar of Hepliaklqana.
  4156 | D:5      | Noticed a spectral ugly thing
  4326 | D:5      | Reached skill level 6 in Spellcasting
  4337 | D:4      | Found a glowing silver altar of Zin.
  4337 | D:4      | Found an iron altar of Okawaru.
  4413 | D:5      | Reached skill level 7 in Poison Magic
  4586 | D:5      | Found a staircase to the Ecumenical Temple.
  4593 | Temple   | Entered the Ecumenical Temple
  4695 | Temple   | Became a worshipper of Vehumet
  5265 | D:6      | Reached XP level 8. HP: 57/57 MP: 10/17
  5721 | D:6      | Reached skill level 7 in Spellcasting
  5721 | D:6      | Reached skill level 8 in Poison Magic
  6219 | D:6      | Reached * piety under Vehumet
  6219 | D:6      | Offered knowledge of Freeze by Vehumet.
  6498 | D:7      | Reached XP level 9. HP: 62/62 MP: 13/20
  6500 | D:7      | Reached skill level 8 in Spellcasting
  6500 | D:7      | Reached skill level 9 in Poison Magic
  6543 | D:7      | Noticed Pikel
  6555 | D:7      | Killed Pikel
  6572 | D:7      | Noticed Maggie
  6583 | D:7      | Killed Maggie
  6584 | D:7      | Reached skill level 10 in Poison Magic
  6587 | D:7      | Reached skill level 9 in Spellcasting
  6593 | D:7      | Found a broken altar of Ashenzari.
  6903 | D:7      | Noticed Prince Ribbit
  6909 | D:7      | Killed Prince Ribbit
  6909 | D:7      | Reached ** piety under Vehumet
  6910 | D:7      | Reached skill level 1 in Shields
  6938 | D:7      | Offered knowledge of Foxfire by Vehumet.
  6939 | D:7      | Reached skill level 2 in Shields
  6948 | D:7      | Learned a level 4 spell: Petrify
  7207 | D:8      | Reached skill level 1 in Earth Magic
  7248 | D:8      | Reached XP level 10. HP: 51/69 MP: 12/23
  7400 | D:8      | Found a staircase to the Lair.
  7407 | D:8      | Reached skill level 2 in Transmutations
  7412 | D:8      | Reached skill level 3 in Shields
  7412 | D:8      | Reached skill level 2 in Earth Magic
  7777 | D:8      | Reached skill level 3 in Earth Magic
  7794 | D:8      | Offered knowledge of Momentum Strike by Vehumet.
  7798 | D:8      | Reached skill level 3 in Transmutations
  8087 | D:9      | Found Rerr's Magic Scroll Shop.
  8260 | D:9      | Found Luxeu's Hydra Hut.
  8265 | D:9      | Noticed an eight-headed hydra
  8287 | D:9      | Bought a scroll of blinking for 105 gold pieces
  8287 | D:9      | Bought a scroll of identify for 28 gold pieces
  8287 | D:9      | Bought a scroll of noise for 14 gold pieces
  8287 | D:9      | Bought a scroll of immolation for 56 gold pieces
  8287 | D:9      | Bought a scroll of identify for 28 gold pieces
  8287 | D:9      | Bought a scroll of teleportation for 42 gold pieces
  8331 | D:9      | Reached skill level 4 in Shields
  8339 | D:9      | Noticed a deep troll
  8358 | D:9      | Reached skill level 4 in Earth Magic
  8395 | D:9      | Reached skill level 11 in Poison Magic
  8417 | D:9      | Noticed a deep troll
  8452 | D:9      | Killed a deep troll
  8453 | D:9      | Reached skill level 10 in Spellcasting
  8453 | D:9      | Reached skill level 4 in Transmutations
  8497 | D:9      | Killed a deep troll
  8498 | D:9      | Reached skill level 5 in Earth Magic
  8498 | D:9      | Reached XP level 11. HP: 40/74 MP: 7/25
  8636 | D:9      | Reached skill level 5 in Shields
  8646 | D:9      | Reached *** piety under Vehumet
  8788 | D:9      | Noticed a white ugly thing
  8866 | D:9      | Killed a white ugly thing
  9159 | D:10     | Entered Level 10 of the Dungeon
  9204 | D:10     | Reached skill level 5 in Transmutations
  9208 | D:10     | Reached skill level 1 in Staves
  9381 | D:10     | Reached skill level 6 in Earth Magic
  9383 | D:10     | Reached skill level 2 in Staves
  9654 | D:10     | Noticed Psyche
  9678 | D:10     | Killed Psyche
  9954 | D:11     | Found an ancient bone altar of Kikubaaqudgha.
  9968 | D:11     | Reached skill level 6 in Shields
  9977 | D:11     | Offered knowledge of Stone Arrow by Vehumet.
  9987 | D:11     | Learned a level 3 spell: Stone Arrow
 10005 | D:11     | Noticed a cyan ugly thing
 10030 | D:11     | Killed a cyan ugly thing
 10031 | D:11     | Reached skill level 2 in Dodging
 10134 | D:11     | Noticed a boulder beetle
 10142 | D:11     | Killed a boulder beetle
 10143 | D:11     | Reached skill level 1 in Fighting
 10143 | D:11     | Reached skill level 1 in Conjurations
 10317 | D:11     | Noticed Nergalle
 10323 | D:11     | Killed Nergalle
 10324 | D:11     | Reached skill level 3 in Staves
 10432 | D:11     | Reached skill level 2 in Fighting
 10433 | D:11     | Reached skill level 7 in Earth Magic
 10742 | D:12     | Noticed a white ugly thing
 10756 | D:12     | Killed a white ugly thing
 10757 | D:12     | Reached skill level 2 in Conjurations
 10757 | D:12     | Reached skill level 12 in Poison Magic
 10953 | D:12     | Reached skill level 3 in Dodging
 10953 | D:12     | Noticed a death knight
 10968 | D:12     | Reached XP level 12. HP: 88/88 MP: 8/26
 11124 | D:12     | Noticed a two-headed ogre
 11138 | D:12     | Killed a two-headed ogre
 11196 | D:12     | Reached **** piety under Vehumet
 11200 | D:12     | Offered knowledge of Fulminant Prism by Vehumet.
 11258 | D:12     | Reached skill level 3 in Fighting
 11360 | D:12     | Reached skill level 4 in Staves
 11413 | D:12     | Reached skill level 3 in Conjurations
 11571 | D:12     | Reached skill level 7 in Shields
 11702 | D:12     | Identified the +1 ring mail of the Mind {Will+ Dex+4}
 12259 | D:12     | Killed a death knight
 12424 | D:12     | Found a staircase to the Orcish Mines.
 12477 | Orc:1    | Entered Level 1 of the Orcish Mines
 12484 | Orc:1    | Reached skill level 8 in Earth Magic
 12487 | Orc:1    | Reached ***** piety under Vehumet
 12488 | Orc:1    | Reached skill level 4 in Fighting
 12488 | Orc:1    | Reached skill level 4 in Dodging
 12529 | Orc:1    | Offered knowledge of Yara's Violent Unravelling by Vehumet.
 12569 | Orc:1    | Learned a level 5 spell: Yara's Violent Unravelling
 12616 | Orc:1    | Reached skill level 1 in Evocations
 12625 | Orc:1    | Reached skill level 1 in Throwing
 12634 | Orc:1    | Noticed an orc warlord
 12646 | Orc:1    | Found a frozen archway.
 12655 | IceCv    | Entered an ice cave
 12742 | IceCv    | Noticed a death yak
 12793 | IceCv    | Killed a death yak
 12794 | IceCv    | Reached skill level 1 in Hexes
 12922 | IceCv    | Noticed a death yak
 12924 | IceCv    | Noticed a death yak
 12942 | IceCv    | Killed a death yak
 12943 | IceCv    | Reached skill level 5 in Staves
 12943 | IceCv    | Reached skill level 4 in Conjurations
 12945 | IceCv    | Killed a death yak
 13065 | IceCv    | Reached skill level 2 in Evocations
 13110 | IceCv    | Reached XP level 13. HP: 59/99 MP: 13/27
 13342 | IceCv    | Reached skill level 2 in Throwing
 13398 | IceCv    | Reached skill level 5 in Fighting
 13398 | IceCv    | Reached skill level 2 in Hexes
 13778 | IceCv    | Learned a level 5 spell: Lee's Rapid Deconstruction
 13799 | IceCv    | Noticed a frost giant
 13816 | IceCv    | Killed a frost giant
 13931 | IceCv    | Identified the +2 battleaxe "Killer Klown's Doom" {elec,
                  | rC+ rN+ Str+2 Int+2}
 13934 | IceCv    | Found the +2 Maxwell's thermic engine {flame, freeze}
 13991 | Orc:1    | Offered knowledge of Iron Shot by Vehumet.
 14161 | Orc:1    | Learned a level 6 spell: Iron Shot
 14249 | Orc:1    | Killed an orc warlord
 14496 | Orc:1    | Found Lompeel's Book Shop.
 14569 | Orc:1    | Found a runed translucent gate.
 14569 | Orc:1    | Found a runed translucent gate.
 14569 | Orc:1    | Found a runed translucent gate.
 14571 | Orc:1    | Noticed nidavellir's ghost (journeyman HuFi)
 14738 | Orc:2    | Entered Level 2 of the Orcish Mines
 14778 | Orc:2    | Found a staircase to the Elven Halls.
 14901 | Orc:2    | Noticed an orc warlord
 14927 | Orc:2    | Killed an orc warlord
 14928 | Orc:2    | Reached skill level 9 in Earth Magic
 14935 | Orc:2    | Reached skill level 3 in Evocations
 14938 | Orc:2    | Reached skill level 8 in Shields
 15132 | Orc:2    | Found Pyvotuem's Jewellery Emporium.
 15835 | Orc:2    | Reached skill level 5 in Dodging
 16109 | Orc:2    | Reached skill level 3 in Throwing
 16236 | Orc:2    | Reached skill level 5 in Conjurations
 16236 | Orc:2    | Reached skill level 3 in Hexes
 16610 | Orc:2    | Reached skill level 6 in Staves
 16622 | Orc:2    | Reached skill level 6 in Fighting
 16623 | Orc:2    | HP: 3/98 [sun demon[an orc high priest] (13)]
 16623 | Orc:2    | Demolished by a sun demon

Illustrated notes

Levels and vault maps discovered:
D:1:      dpeg_arrival_erosion, layout_basic
D:2:      layout_basic, serial_rivers, chequers_serial_rivers_small_3,
          chequers_serial_rivers_room_b, chequers_serial_rivers_micro_a,
          chequers_serial_rivers_micro_d, amcnicky_mini_corridor_feature,
          uniq_robin
D:3:      layout_loops_ring, portal_sewer_entry_d, serial_rivers,
          chequers_serial_rivers_small_a, chequers_serial_rivers_large_b,
          chequers_serial_rivers_marsh, chequers_serial_rivers_large_a,
          uniq_grinder
D:4:      layout_basic, nicolae_overflow_hidden_temple
D:5:      layout_cave_pods, regret_index_temple_of_mockery,
          minmay_temple_entry_arrows, minivault_4
D:6:      dreamdust_elfheim, layout_basic
D:7:      layout_loops_ring, ashenzari_altar_1, uniq_pikel, uniq_maggie,
          uniq_prince_ribbit1
D:8:      layout_basic, hellmonk_lair_entry_icy
D:9:      lemuel_troll_bridge, layout_irregular_city, serial_shops,
          nicolae_diamond_shop, doesnt_shop_hydraphobe
D:10:     layout_basic, uniq_psyche
D:11:     layout_gridville, kiku_gazebo_garden_becter, uniq_nergalle
D:12:     layout_loops_ring, minmay_orc_entry_temple_small, special_room
          [special_room_orc]
Temple:   regret_index_temple_waves
Orc:1:    layout_caves, portal_ice_cave_entry_imps, serial_shops, shop,
          ebering_ghost_rock_garden
Orc:2:    hellmonk_orc_salted, layout_caves, serial_shops, nicolae_shop_trees

Skill      XL: |  1  2  3  4  5  6  7  8  9 10 11 12 13 |
---------------+----------------------------------------+-----
Spellcasting   | 3 4 5 6 7 9 10 | 10.3
Poison Magic   | 4 5 6 7 8 10 11 12 | 12.9
Shields        | 2 4 6 7 8 |  8.3
Earth Magic    | 1 5 7 8 9 |  9.3
Transmutations | 4 5 |  5.0
Staves         | 3 5 6 |  6.0
Dodging        | 3 4 5 |  5.3
Fighting       | 2 4 6 |  6.0
Conjurations   | 2 4 5 |  5.2
Evocations     | 2 3 |  3.6
Throwing       | 1 3 |  3.0
Hexes          | 1 3 |  3.0
Long Blades    | |  0.1
Stealth        | |  1.7

Action                     |  1- 3 |  4- 6 |  7- 9 | 10-12 | 13-15 || total
---------------------------+-------+-------+-------+-------+-------++-------
  Melee: Unarmed           |    32 |       |       |       |       ||    32
         Tailslap          |    15 |     9 |    27 |    60 |    49 ||   160
         Punch             |     2 |     2 |     3 |       |       ||     7
         Dagger            |    47 |       |       |       |       ||    47
         Whip              |       |   109 |   170 |   411 |    41 ||   731
         Spear             |       |     1 |       |       |    15 ||    16
         Staff             |       |       |       |       |   161 ||   161
         Double sword      |       |       |       |       |    22 ||    22
  Throw: Dart              |       |       |     2 |       |       ||     2
   Cast: Sting             |    40 |    72 |    92 |     7 |       ||   211
         Olgreb's Toxic Ra |       |       |    25 |   117 |    54 ||   196
         Stone Arrow       |       |       |       |    35 |    50 ||    85
         Lee's Rapid Decon |       |       |       |       |     5 ||     5
  Evoke: Wand              |       |       |       |     4 |       ||     4
         Phial of floods   |       |       |       |       |     1 ||     1
    Use: Scroll            |       |       |       |    16 |     2 ||    18
         Potion            |       |       |       |     1 |     3 ||     4
   Stab: Sleeping          |     1 |     5 |     1 |       |       ||     7
         Distracted        |     1 |       |       |       |       ||     1
 Armour: Skin              |    32 |    46 |   157 |   269 |   149 ||   653
  Dodge: Dodged            |    70 |    98 |   139 |   221 |   165 ||   693
         Repelled          |       |       |       |    15 |     7 ||    22
  Block: Kite shield       |       |       |    21 |   248 |   200 ||   469

Table legend: (Time is in decaauts)
 A = Elapsed time spent in this place.
 B = Non-inter-level travel time spent in this place.
 C = Inter-level travel time spent in this place.
 D = Time resting spent in this place.
 E = Time spent auto-exploring this place.
 F = Levels seen in this place.
 G = Mean time per level.
                   A        B        C        D        E       F      G
               +--------+--------+--------+--------+--------+-----+--------+
         Total |  16904 |  16300 |    604 |   4186 |   7957 |  17 |  994.4 |
       Dungeon |  12162 |  11640 |    522 |   2301 |   6631 |  12 | 1013.5 |
        Temple |    115 |    102 |     13 |      0 |     68 |   1 |  115.0 |
  Orcish Mines |   2704 |   2636 |     68 |    942 |    878 |   2 | 1352.0 |
         Sewer |    584 |    584 |      0 |    299 |     95 |   1 |  584.0 |
      Ice Cave |   1337 |   1337 |      0 |    644 |    285 |   1 | 1337.0 |
               +--------+--------+--------+--------+--------+-----+--------+

Top non-repeatable levels by time:
    D:12: 1922 daAuts
   Orc:2: 1566 daAuts
   IceCv: 1337 daAuts
     D:6: 1202 daAuts
   Orc:1: 1138 daAuts
     D:9: 1093 daAuts
     D:4: 1089 daAuts
     D:3: 1071 daAuts
     D:8: 963 daAuts
     D:5: 962 daAuts
     D:2: 891 daAuts
    D:11: 835 daAuts
    D:10: 759 daAuts
     D:7: 718 daAuts
     D:1: 652 daAuts
